 Dungeon Crawl Stone Soup version 0.25-a0-865-gd392131cc7 (webtiles) character file.

Game seed: 675476622471347830, levelgen mode: deterministic

16 Chiseanne the Grasshopper (level 2, 0/14 HPs)
             Began as a Spriggan Warper on Apr 30, 2020.
             Slain by an orc
             ... wielding a +0 flail
              (7 damage)
             ... on level 2 of the Dungeon.
             The game lasted 00:03:32 (932 turns).

Chiseanne the Grasshopper (Spriggan Warper)          Turns: 932, Time: 00:03:33

Health: 0/14       AC:  3    Str:  7    XL:     2   Next: 41%
Magic:  7/7        EV: 19    Int: 14    God:
Gold:   74         SH:  0    Dex: 15    Spells: 3/7 levels left

rFire    . . .     SeeInvis +   a - +0 short sword
rCold    . . .     Gourm    .   (shield restricted)
rNeg     . . .     Faith    .   b - +1 robe
rPois    .         Spirit   .   (helmet restricted)
rElec    .         Reflect  .   (no cloak)
rCorr    .         Harm     .   (gloves unavailable)
MR       .....                  (boots unavailable)
Stlth    ++........             (no amulet)
HPRegen  0.04/turn              (no ring)
MPRegen  0.10/turn              (no ring)

@: very quick
A: very small, unfitting armour, see invisible, herbivore, speed 3, slow
metabolism 2
a: no special abilities


You were on level 2 of the Dungeon.
You were not hungry.

You visited 1 branch of the dungeon, and saw 3 of its levels.

You collected 74 gold pieces.

Inventory:

Hand Weapons
 a - a +0 short sword (weapon)
Missiles
 e - 5 boomerangs of dispersal (quivered)
 g - 19 sling bullets
 i - 5 atropa-tipped darts
Armour
 b - a +1 robe (worn)
Jewellery
 c - an uncursed amulet of guardian spirit {unknown}
Scrolls
 d - a scroll of blinking
Potions
 h - a potion of curing {unknown}
 j - 3 potions of stabbing {unknown}
 k - a potion of flight {unknown}
Comestibles
 f - 2 rations


   Skills:
 - Level 1.5 Fighting
 + Level 2.4 Short Blades
 - Level 1.0 Throwing
 + Level 3.8 Dodging
 + Level 1.3 Stealth
 * Level 3.2 Spellcasting
 - Level 4.4 Translocations


You had 3 spell levels left.
You knew the following spells:

 Your Spells              Type           Power        Failure   Level  Hunger
a - Blink                 Tloc           N/A          5%          2    ##.....
b - Shroud of Golubria    Chrm/Tloc      #.....       13%         2    ##.....

Your spell library contained the following spells:

 Spells                   Type           Power        Failure   Level  Hunger
 Gell's Gravitas          Tloc           ##........   11%         3    ###....
 Lesser Beckoning         Tloc           ##........   11%         3    ###....
 Teleport Other           Tloc           ##......     11%         3    ###....
 Passage of Golubria      Tloc           N/A          34%         4    #####..


Dungeon Overview and Level Annotations

Branches:
Dungeon (3/15)

Altars:

Annotations:
D:3 1 runed translucent door, Crazy Yiuf, Natasha


Innate Abilities, Weirdness & Mutations

You are very small and have problems with some larger weapons.
You are too small for most types of armour.
You have supernaturally acute eyesight. (SInv)
You are a herbivore.
You cover ground extremely quickly.
You need to consume almost no food.


Message History

The orc closely misses you.
You hit the orc but do no damage.
The orc is moderately wounded.
The orc closely misses you.
You hit the orc but do no damage.
The orc is moderately wounded.
You hit the orc but do no damage.
The orc is moderately wounded.
The orc closely misses you.
You hit the orc but do no damage.
The orc is moderately wounded.
The orc misses you.
You completely miss the orc.
The orc is moderately wounded.
The orc hits you but does no damage.
You hit the orc.
The orc is almost dead.
The orc hits you with a +0 flail!
Ouch! That really hurt!
You die...

#...##...#.# #.# ##. #..#..#
#.# #...#.# #.#
##..##.#####.#
#............# P
#♣.♣.......[.#######.#.# .P♣
♣.♣...###.............#
P...##♣.♣######o#####.###)##
................@## #.###.#
###.##..♣.♣#.##...# #.....#
........#.##..#..## #.#####
.#####.#♣.♣#♣.#.#####.#
#.##.. .#.......#
#.#♣#♣#♣###.#.####
#.............#
###############


You could see an orc.

Vanquished Creatures
  An orc (D:2)
  A giant cockroach (D:1)
  3 hobgoblins
  3 bats
  2 frilled lizards (D:1)
  3 goblins
  3 rats (D:2)
16 creatures vanquished.

Notes
Turn   | Place    | Note
-------+----------+-------------------------------------------
     0 | D:1      | Chiseanne the Spriggan Warper began the quest for the Orb.
     0 | D:1      | Reached XP level 1. HP: 10/10 MP: 5/5
   274 | D:1      | Reached skill level 1 in Stealth
   274 | D:1      | Reached XP level 2. HP: 6/14 MP: 7/7
   728 | D:3      | Learned a level 2 spell: Blink
   731 | D:3      | Learned a level 2 spell: Shroud of Golubria
   759 | D:3      | Found a runed translucent door.
   759 | D:3      | Noticed Natasha
   760 | D:3      | Noticed Crazy Yiuf
   932 | D:2      | Slain by an orc

Levels and vault maps discovered:
D:1:      lightli_arrival_noodles, layout_basic, minmay_pentomino_v4
D:2:      layout_loops_ring, nicolae_ashenzari_panopticon, serial_forest,
          infiniplex_forest_zigzag_1, infiniplex_forest_straight_1,
          infiniplex_forest_clump_double, infiniplex_forest_straight_3,
          infiniplex_forest_straight_1, infiniplex_forest_clump_tiny,
          infiniplex_forest_lined_corner, infiniplex_forest_lined_4_way
D:3:      layout_loops_ring, overflow_temple_1_default, portal_sewer_entry_a,
          chequers_serial_rivers_large_a, uniq_crazy_yiuf_cottage, uniq_natasha,
          uniq_ijyb

Skill      XL: |  1 |
---------------+----+-----
Spellcasting   | 3 |  3.2
Stealth        | 1 |  1.3
Fighting       | |  1.5
Short Blades   | |  2.4
Throwing       | |  1.0
Dodging        | |  3.8
Translocations | |  4.4

Action                   || total
-------------------------++-------
Melee: Short sword       ||    82
  Use: Scroll            ||     4
 Stab: Sleeping          ||     3
Armor: Robe              ||     9
Dodge: Dodged            ||    54

Table legend:
 A = Non-vault XP
 B = Vault XP
 C = Vault XP percentage of total XP
 D = Non-vault monster count
 E = Vault monster count
 F = Vault count percentage of total count
                 A         B        C        D         E       F
            +---------+---------+-------+---------+---------+-------
      Total |      24 |       0 |   0.0 |      16 |       0 |   0.0
            +---------+---------+-------+---------+---------+-------
        D:1 |      13 |       0 |   0.0 |       9 |       0 |   0.0
        D:2 |       8 |       0 |   0.0 |       5 |       0 |   0.0
        D:3 |       3 |       0 |   0.0 |       2 |       0 |   0.0
            +---------+---------+-------+---------+---------+-------
